 Dungeon Crawl Stone Soup version 0.18.1-50-g88ac8fd (webtiles) character file.

3792 spiff the Transmogrifier (level 10, -8/49 HPs)
             Began as a Vine Stalker Transmuter on Sept 27, 2016.
             Was a Priest of Cheibriados.
             Mangled by a wight
             ... wielding a cursed +0 war axe
              (11 damage)
             ... on level 8 of the Dungeon.
             The game lasted 00:27:30 (7545 turns).

spiff the Transmogrifier (Vine Stalker Transmuter)  Turns: 7545, Time: 00:27:31

Health: -8/49      AC:  4    Str: 28    XL:     10   Next: 16%
Magic:  0/23       EV: 19    Int: 20    God:    Cheibriados [***...]
Gold:   427        SH:  0    Dex: 23    Spells: 4 memorised, 2 levels left

rFire  + . .     SeeInvis .       - Unarmed
rCold  . . .     Gourm    .     s - +2 robe {rF+}
rNeg   . . .     Faith    .     (no shield)
rPois  .         Spirit   +     (no helmet)
rElec  .         Dismiss  .     (no cloak)
rCorr  .         Reflect  .     (no gloves)
SustAt .         Harm     .     (no boots)
MR     +....                    (no amulet)
Stlth  ++........               y - ring of magical power
                                n - +6 ring of strength

@: very slow, somewhat resistant to hostile enchantments, unstealthy
A: fangs 3, regeneration 2, magic shield, antimagic bite, no device heal 3, rot
immunity
a: Bend Time, Temporal Distortion, Renounce Religion


You were on level 8 of the Dungeon.
You worshipped Cheibriados.
Cheibriados was most pleased with you.
You were near starving.

You visited 2 branches of the dungeon, and saw 9 of its levels.
You also visited: Ossuary.

You collected 427 gold pieces.

Inventory:

Missiles
 a - 90 arrows
 k - 8 javelins of returning (quivered)
 w - 4 exploding tomahawks
 x - 16 tomahawks
 F - 19 poisoned needles
Armour
 s - a +2 robe of fire resistance (worn)
Jewellery
 f - an uncursed ring of protection from fire
 g - an uncursed ring of ice
 n - a +6 ring of strength (left hand)
 y - a ring of magical power (right hand)
Wands
 A - a wand of iceblast (6/15)
 B - a wand of teleportation (2/9)
 D - a wand of paralysis (14/24)
 I - a wand of flame (24/48)
Scrolls
 e - 3 scrolls of remove curse
 u - a scroll of silence
 G - 2 scrolls of identify
 J - a scroll of magic mapping
Potions
 b - 2 potions of brilliance
 i - a potion of lignification
 j - a potion of haste {unknown}
 m - 3 potions of curing
 p - 2 potions of flight
 r - 2 potions of cancellation
 t - a potion of resistance {unknown}
 v - a potion of heal wounds {unknown}
 z - a potion of invisibility
 E - a potion of degeneration {unknown}
 H - a potion of might {unknown}
Books
 c - a book of Changes

   Spells                             Type                      Level
   a - Beastly Appendage              Transmutation                1
   b - Sticks to Snakes               Transmutation                2
   c - Spider Form                    Transmutation/Poison         3
   d - Ice Form                       Ice/Transmutation            4
   e - Blade Hands                    Transmutation                5
Comestibles
 d - 6 bread rations
 h - 5 beef jerkies
 l - 2 royal jellies
 o - 4 meat rations
 q - 6 fruits
 C - 7 slices of pizza


   Skills:
 - Level 3.2 Fighting
 + Level 7.4 Dodging
 - Level 5.1 Unarmed Combat
 - Level 2.1 Spellcasting
 - Level 10.1 Transmutations


You had 2 spell levels left.
You knew the following spells:

 Your Spells              Type           Power        Failure   Level  Hunger
a - Beastly Appendage     Trmt           #####.       1%          1    #......
e - Blade Hands           Trmt           #####.....   10%         5    ######.
q - Spider Form           Trmt/Pois      ###.......   8%          3    ###....
r - Sticks to Snakes      Trmt           #####...     1%          2    ##.....


Dungeon Overview and Level Annotations

Branches:
Dungeon (8/15)             Temple (1/1) D:7
   Lair: D:8-11

Altars:
Cheibriados
Dithmenos
Fedhas
Gozag
Kikubaaqudgha
Makhleb
Nemelex Xobeh
Okawaru
Pakellas
Qazlal
Ru
Trog
Xom
Yredelemnul
Zin
The Shining One

Shops:
D:8 :

Annotations:
D:4 baljet's ghost, amateur GrEE
D:8 Pikel; appiemonkey's ghost, novice MiFi


Innate Abilities, Weirdness & Mutations

You have razor-sharp teeth.
You heal very quickly.
When hurt, damage is shared between your health and your magic reserves.
Your bite disrupts and absorbs the magic of your enemies.
Potions and wands cannot restore your health.
You are immune to rotting.


Message History

You hit Pikel but do no damage.
Pikel is heavily wounded.
The wight barely misses you. Pikel hits you but does no damage.
The wight hits you with a war axe.
* * * LOW HITPOINT WARNING * * *
The wight hits you with a long sword.
* * * LOW HITPOINT WARNING * * *
You hit Pikel but do no damage.
Pikel is heavily wounded.
You feel less woody.
Your +2 robe of fire resistance unmelds from your body.
You feel resistant to fire. The wight barely misses you.
Pikel hits you with a whip of flaming.
* * * LOW HITPOINT WARNING * * *
Pikel burns you.
* * * LOW HITPOINT WARNING * * *
You hit Pikel. Your bite misses Pikel.
Pikel is heavily wounded.
The wight hits you with a war axe!
You die...

....#.# ........ ....#.#
.............# .####.#
.............#
.####.####......(....#
.##..................
.##.................
.##...........#.W.#
###.......#####zzz#
#..........# #)@.#
#.....##...# #)K)# #####
#.....##...####...####......
##.........#.........!...##
#.........#................
#.........#.............###
#.........#...##...........
...........#...##...........
...............##.......[...


You could see Pikel, 3 wights and appiemonkey's ghost.

Vanquished Creatures
  A wyvern (D:8)
  A human (D:7)
  A water moccasin (D:7)
  3 sky beasts
  An ice beast (D:7)
  A wasp (D:7)
  2 orc warriors
  A necrophage (D:5)
  4 slaves (D:8)
  2 ogres
  A phantom (D:5)
  An elf zombie (Ossuary)
  4 giant frogs
  A scorpion (D:5)
  5 killer bees (D:8)
  11 wights
  A jelly (D:8)
  6 crimson imps
  2 centaur zombies (Ossuary)
  4 orc priests
  3 hounds
  2 human zombies (Ossuary)
  Jessica (D:2)
  2 iguanas (D:7)
  4 orc wizards
  4 sheep (D:7)
  2 big kobold zombies (Ossuary)
  2 mummies (Ossuary)
  4 gnolls
  6 adders
  A shadow imp (D:6)
  3 worms
  5 dart slugs
  3 giant geckos
  25 orcs
  8 giant cockroaches
  9 goblins
  8 hobgoblins
  10 jackals
  4 quokkas
  2 ball pythons
  8 bats
  A giant gecko skeleton (D:7)
  4 giant newts
  11 hobgoblin zombies (Ossuary)
  2 jackal zombies (Ossuary)
  16 kobolds
  9 kobold zombies (Ossuary)
  7 orc zombies (Ossuary)
  7 rats
  A rat zombie (Ossuary)
227 creatures vanquished.

Vanquished Creatures (collateral kills)
  A two-headed ogre (D:8)
  A crimson imp (D:5)
2 creatures vanquished.

Grand Total: 229 creatures vanquished

Notes
Turn   | Place    | Note
--------------------------------------------------------------
     0 | D:1      | spiff the Vine Stalker Transmuter began the quest for the Orb.
     0 | D:1      | Reached XP level 1. HP: 9/9 MP: 4/4
   281 | D:1      | Reached XP level 2. HP: 14/14 MP: 6/6
   762 | D:2      | Learned a level 2 spell: Sticks to Snakes
   779 | D:2      | Reached XP level 3. HP: 17/17 MP: 7/7
  1204 | D:2      | Reached XP level 4. HP: 18/21 MP: 5/8
  1275 | D:2      | Found a blossoming altar of Fedhas.
  1368 | D:2      | Noticed Jessica
  1385 | D:2      | Killed Jessica
  1385 | D:2      | Reached skill level 5 in Unarmed Combat
  1429 | D:2      | Reached skill level 1 in Fighting
  2034 | D:3      | Reached XP level 5. HP: 26/26 MP: 9/9
  2057 | D:3      | Found a shimmering altar of Xom.
  2640 | D:3      | Gained mutation: You heal very quickly. [Vine Stalker growth]
  2640 | D:3      | Reached XP level 6. HP: 26/32 MP: 10/10
  2755 | D:3      | Reached skill level 3 in Transmutations
  2935 | D:4      | Noticed baljet's ghost (amateur GrEE)
  3160 | D:4      | You fall through a shaft for 3 floors!
  3160 | D:7      | Noticed a water moccasin
  3161 | D:7      | Found a staircase to the Ecumenical Temple.
  3170 | Temple   | Entered the Ecumenical Temple
  3182 | Temple   | Reached skill level 4 in Transmutations
  3611 | D:6      | Reached XP level 7. HP: 36/36 MP: 11/11
  3616 | D:5      | Entered Level 5 of the Dungeon
  3622 | D:5      | Found an oddly glowing altar of Pakellas.
  3648 | D:5      | Reached skill level 5 in Transmutations
  3786 | D:5      | Found a sand-covered staircase.
  3809 | Ossuary  | Entered an ossuary
  3947 | Ossuary  | Reached skill level 6 in Transmutations
  4013 | Ossuary  | Reached skill level 7 in Transmutations
  4013 | Ossuary  | Gained mutation: You have razor-sharp teeth. [Vine Stalker growth]
  4013 | Ossuary  | Reached XP level 8. HP: 26/40 MP: 12/12
  4023 | Ossuary  | Learned a level 3 spell: Spider Form
  4029 | Ossuary  | Learned a level 5 spell: Blade Hands
  4323 | D:5      | Found an iron altar of Okawaru.
  4387 | D:5      | Reached skill level 8 in Transmutations
  4797 | D:5      | Found a snail-covered altar of Cheibriados.
  4805 | D:5      | Became a worshipper of Cheibriados the Contemplative
  5097 | D:6      | Found a sparkling altar of Nemelex Xobeh.
  5329 | D:6      | Found a bloodstained altar of Trog.
  5329 | D:6      | Found an iron altar of Okawaru.
  5389 | D:6      | Reached skill level 9 in Transmutations
  5527 | D:6      | Reached * piety under Cheibriados
  5528 | D:6      | Reached XP level 9. HP: 15/44 MP: 6/13
  5861 | D:7      | Found a glowing silver altar of Zin.
  5861 | D:7      | Found a sacrificial altar of Ru.
  6037 | D:7      | Reached skill level 10 in Transmutations
  6562 | D:7      | Found a shadowy altar of Dithmenos.
  6600 | D:7      | Reached ** piety under Cheibriados
  6846 | D:7      | Reached skill level 5 in Dodging
  7183 | D:8      | Noticed a two-headed ogre
  7194 | D:8      | HP: 1/44 [two-headed ogre/great mace (7)]
  7198 | D:8      | Killed a two-headed ogre
  7332 | D:8      | Found Enli's Book Shop.
  7381 | D:8      | Reached XP level 10. HP: 48/49 MP: 14/14
  7431 | D:8      | Reached *** piety under Cheibriados
  7466 | D:8      | Noticed appiemonkey's ghost (novice MiFi)
  7493 | D:8      | Noticed Pikel
  7545 | D:8      | Mangled by a wight

Skill      XL: |  1  2  3  4  5  6  7  8  9 10 |
---------------+-------------------------------+-----
Unarmed Combat | 4 5 |  5.1
Fighting       | 1 3 |  3.2
Transmutations | 4 7 9 10 | 10.1
Dodging        | 6 7 |  7.4
Spellcasting   | |  2.1

Action                   |  1- 3 |  4- 6 |  7- 9 | 10-12 || total
-------------------------+-------+-------+-------+-------++-------
Melee: Unarmed           |   131 |   267 |   376 |    50 ||   824
       Bite              |    24 |    63 |    66 |     6 ||   159
       Headbutt          |     5 |     8 |    10 |       ||    23
       Kick              |     1 |    16 |    22 |       ||    39
       Punch             |       |     7 |    11 |       ||    18
 Cast: Beastly Appendage |    11 |    17 |    17 |       ||    45
       Sticks to Snakes  |       |     2 |     3 |       ||     5
       Spider Form       |       |       |     6 |       ||     6
       Blade Hands       |       |       |    14 |     2 ||    16
Invok: Bend Time         |       |       |     1 |       ||     1
  Use: Scroll            |     1 |       |    12 |       ||    13
       Potion            |       |       |     2 |     1 ||     3
 Stab: Sleeping          |     1 |     3 |     2 |       ||     6
       Distracted        |       |     2 |       |       ||     2
  Eat: Chunk             |     1 |     9 |    16 |       ||    26
       Fruit             |       |       |     1 |       ||     1
Armor: Robe              |    19 |    61 |    38 |     2 ||   120
       Skin              |       |       |    32 |   111 ||   143
Dodge: Dodged            |    95 |   123 |   187 |    43 ||   448
